 Dungeon Crawl Stone Soup version 0.27-a0-887-gcab673c142 (webtiles) character file.

Game seed: 17909257446617898480

53 Lanoc the Grasshopper (level 3, 0/22 HPs)
             Began as a Gargoyle Warper on Apr 4, 2021.
             Was a Believer of Jiyva.
             Slain by a gnoll
             ... wielding a +0 halberd
              (11 damage)
             ... on level 2 of the Dungeon.
             The game lasted 00:03:45 (2063 turns).

Lanoc the Grasshopper (Gargoyle Warper)             Turns: 2063, Time: 00:03:45

Health: 0/22       AC:  6    Str: 14    XL:     3   Next: 87%
Magic:  6/6        EV: 11    Int: 12    God:    Jiyva [**....]
Gold:   43         SH:  0    Dex: 11    Spells: 4/6 levels left

rFire    . . .     SeeInvis .   a - +0 spear
rCold    . . .     Faith    .   (no shield)
rNeg     + . .     Spirit   .   b - +0 leather armour
rPois    ∞         Reflect  .   (no helmet)
rElec    +         Harm     .   (no cloak)
rCorr    .         Rampage  .   (no gloves)
Will     .....                  (no boots)
Stlth    +.........             (no amulet)
HPRegen  0.07/turn              (no ring)
MPRegen  0.10/turn              (no ring)

@: no status effects
A: AC +3, negative energy resistance 1, electricity resistance, torment
resistance 1, unbreathing 1, petrification resistance
a: Renounce Religion, Request Jelly


You were on level 2 of the Dungeon.
You worshipped Jiyva.
Jiyva was pleased with you.
You visited 1 branch of the dungeon, and saw 2 of its levels.

You collected 43 gold pieces.

Inventory:

Hand Weapons
 a - a +0 spear (weapon)
Missiles
 c - 2 boomerangs (quivered)
Armour
 b - a +0 leather armour (worn)
Scrolls
 d - 2 scrolls of blinking
 f - a scroll of fog {unknown}
 g - a scroll of magic mapping {unknown}
 h - 2 scrolls of teleportation {unknown}
 j - a scroll of summoning {unknown}


   Skills:
 + Level 2.9 Fighting
 - Level 1.7 Polearms
 - Level 0.8 Throwing
 - Level 1.1 Armour
 + Level 2.1 Dodging
 - Level 2.0 Spellcasting
 * Level 3.5 Translocations


You had 4 spell levels left.
You knew the following spells:

 Your Spells              Type           Power      Damage    Failure   Level
b - Blink                 Tloc           N/A        N/A       12%         2

Your spell library contained the following spells:

 Spells                   Type           Power      Damage    Failure   Level
 Gell's Gravitas          Tloc           4%         N/A       24%         3
 Lesser Beckoning         Tloc           4%         N/A       24%         3
 Teleport Other           Tloc           9%         N/A       24%         3
 Manifold Assault         Tloc           9%         N/A       91%         5


Dungeon Overview and Level Annotations

Branches:
Dungeon (2/15)

Altars:
Jiyva

Annotations:
D:2 Sigmund


Innate Abilities, Weirdness & Mutations

Your stone body is resilient. (AC +3)
You are immune to poison.
You resist negative energy. (rN+)
You are resistant to electric shocks. (rElec)
You are resistant to unholy torment.
You can survive without breathing.
You are immune to petrification.


Message History

Reactivating autopickup.
There is a stone staircase leading down here.
You hear a distant slurping noise.
Jiyva appreciates your sacrifice.
There is a stone staircase leading down here.
You start resting.
Jiyva's power touches on your attributes.
You feel agile.
You feel stupid.
You start resting.
HP restored.
You climb downwards.
Level annotation: Sigmund
There is a stone staircase leading up here.
A rat comes into view.
You reach to attack!
You hit the rat.
You kill the rat!
No target in view!
A ball python comes into view.
The ball python hisses angrily.
You reach to attack!
You closely miss the ball python. You hit the ball python.
You kill the ball python!
No target in view!
Found an escape hatch in the floor.
A frilled lizard comes into view.
The frilled lizard hisses angrily.
You hit the frilled lizard.
You kill the frilled lizard!
No target in view!
You hear a slurping noise.
A gnoll comes into view. It is wielding a +0 halberd.
The gnoll shouts!
You hear a distant slurping noise.
The gnoll hits you from afar with a +0 halberd!
Ouch! That really hurt!
There is a stone staircase leading up here.
The gnoll hits you from afar with a +0 halberd!
Ouch! That really hurt!
You die...

#..# ##.........
###..##.....>.....
#.......##........ #.....#
#........ ###....# #........
###......# ###########
###...#....###.....#....
###...###....##...........
###........@.###............
###...#........###............
###...###........g..............
##...###
#........###............ ...###
#........# #............ .###
########## ##........... ##
##.....#.... ###########


You could see a gnoll.

Vanquished Creatures
  Natasha (D:1)
  2 adders (D:1)
  A bat (D:1)
  3 giant cockroaches
  A goblin (D:2)
  A hobgoblin (D:1)
  2 ball pythons
  3 frilled lizards
  2 kobolds
  4 rats
20 creatures vanquished.

Vanquished Creatures (others)
  Natasha (twice) (D:1)
  A gnoll (D:1)
  2 endoplasms (D:2)
  A bat (D:1)
  A rat (D:2)
  3 plants (D:2)
10 creatures vanquished.

Grand Total: 30 creatures vanquished

Notes
Turn   | Place    | Note
-------+----------+-------------------------------------------
     0 | D:1      | Lanoc the Gargoyle Warper began the quest for the Orb.
     0 | D:1      | Reached XP level 1. HP: 12/12 MP: 3/3
   113 | D:1      | Found a faded altar of an unknown god.
   127 | D:1      | Became a worshipper of Jiyva Juubral the Shapeless
   127 | D:1      | Reached * piety under Jiyva
   672 | D:1      | Reached XP level 2. HP: 12/18 MP: 5/5
   780 | D:1      | Reached skill level 3 in Translocations
   945 | D:2      | Noticed Sigmund
  1026 | D:1      | Learned a level 2 spell: Blink
  1386 | D:2      | Noticed Natasha
  1399 | D:2      | Noticed a crimson imp
  1401 | D:2      | Noticed a crimson imp
  1403 | D:2      | Noticed a crimson imp
  1433 | D:1      | Reached ** piety under Jiyva
  1438 | D:1      | Reached XP level 3. HP: 18/22 MP: 3/6
  1517 | D:1      | Killed Natasha
  1621 | D:1      | Killed Natasha
  1813 | D:1      | Killed Natasha
  2063 | D:2      | Slain by a gnoll

Illustrated notes

Levels and vault maps discovered:
D:1:      wander_arrival_lonely_grave, layout_loops_ring, basic_ecumenical_altar
D:2:      layout_rooms, serial_forest, infiniplex_forest_clump_diagonal,
          infiniplex_forest_pool, infiniplex_forest_lined_3,
          infiniplex_forest_lined_room_2, infiniplex_forest_end_1,
          infiniplex_forest_lined_1, infiniplex_forest_end_2, uniq_natasha,
          uniq_sigmund

Skill      XL: |  1  2  3 |
---------------+----------+-----
Translocations | 3 |  3.5
Dodging        | 2 |  2.1
Fighting       | |  2.9
Polearms       | |  1.7
Throwing       | |  0.8
Armour         | |  1.1
Spellcasting   | |  2.0

Action                   || total
-------------------------++-------
Melee: Spear             ||   102
Throw: Boomerang         ||     5
 Cast: Blink             ||     1
  Use: Potion            ||     2
 Stab: Sleeping          ||     1
Armor: Leather armour    ||    41
Dodge: Dodged            ||    83

Table legend: (Time is in decaauts)
 A = Elapsed time spent in this place.
 B = Non-inter-level travel time spent in this place.
 C = Inter-level travel time spent in this place.
 D = Time resting spent in this place.
 E = Time spent auto-exploring this place.
 F = Levels seen in this place.
 G = Mean time per level.
                   A        B        C        D        E       F      G
               +--------+--------+--------+--------+--------+-----+--------+
         Total |   2081 |   1959 |    122 |    760 |    841 |   2 | 1040.5 |
       Dungeon |   2081 |   1959 |    122 |    760 |    841 |   2 | 1040.5 |
               +--------+--------+--------+--------+--------+-----+--------+

Top non-repeatable levels by time:
     D:1: 1653 daAuts
     D:2: 428 daAuts
